 Dungeon Crawl Stone Soup version 0.21.1-1-g345015f (webtiles) character file.

32 TheOvate the Digger (level 3, 19/19 HPs)
             Began as a Gargoyle Earth Elementalist on May 27, 2018.
             Got out of the dungeon alive.
             The game lasted 00:09:09 (908 turns).

TheOvate the Digger (Gargoyle Earth Elementalist)    Turns: 908, Time: 00:09:09

Health: 19/19      AC:  5    Str: 11    XL:     3   Next: 25%
Magic:  6/6        EV: 12    Int: 15    God:
Gold:   38         SH:  0    Dex: 11    Spells: 2/6 levels left

rFire    . . .     SeeInvis .   j - +3 hand axe
rCold    . . .     Gourm    .   (no shield)
rNeg     + . .     Faith    .   c - +0 robe
rPois    ∞         Spirit   .   (no helmet)
rElec    +         Reflect  .   (no cloak)
rCorr    .         Harm     .   (no gloves)
MR       .....                  (no boots)
Stlth    ++........             (no amulet)
HPRegen  0.06/turn              (no ring)
MPRegen  0.10/turn              (no ring)

@: no status effects
A: negative energy resistance 1, electricity resistance, unbreathing,
petrification resistance, rot immunity, AC +3
a: no special abilities


You escaped.
You were hungry.

You visited 1 branch of the dungeon, and saw 1 of its levels.

You collected 38 gold pieces.

Inventory:

Hand Weapons
 j - a +3 hand axe (weapon)
Missiles
 b - 28 stones (quivered)
Armour
 c - a +0 robe (worn)
 h - a +0 leather armour
 l - a +0 chain mail
Scrolls
 i - a scroll of teleportation {unknown}
 k - a scroll of remove curse {unknown}
Potions
 a - a potion of degeneration {unknown}
 f - a potion of heal wounds
 m - 2 potions of curing {unknown}
 n - a potion of resistance {unknown}
Books
 e - a book of Geomancy

   Spells                             Type                      Level
   a - Sandblast                      Earth                        1
   b - Passwall                       Transmutation/Earth          2
   c - Stone Arrow                    Conjuration/Earth            3
   d - Petrify                        Transmutation/Earth          4
   e - Lee's Rapid Deconstruction     Earth                        5
Comestibles
 d - 4 rations


   Skills:
 * Level 0.4 Axes
 - Level 1.6 Dodging
 - Level 2.2 Stealth
 - Level 0.1 Unarmed Combat
 - Level 2.1 Spellcasting
   Level 0.7 Transmutations
 + Level 4.8 Earth Magic


You had 2 spell levels left.
You knew the following spells:

 Your Spells              Type           Power        Failure   Level  Hunger
a - Sandblast             Erth           ###...       3%          1    #......
b - Stone Arrow           Conj/Erth      #.....       24%         3    ###....


Dungeon Overview and Level Annotations

Branches:
Dungeon (1/15)

Altars:


Innate Abilities, Weirdness & Mutations

You are resistant to torment.
Your stone body is resilient. (AC +3)
You are immune to poison.
You resist negative energy. (rN+)
You are resistant to electric shocks. (rElec)
You can survive without breathing.
You are immune to petrification.
You are immune to rotting.


Message History

t - Shout!
Orders for allies: a - Attack new target. r - Retreat! s - Stop attacking. g - Guard the area. f - Follow me.
Anything else - Cancel.
You shout for attention!
What are your orders? t - Shout!
Orders for allies: a - Attack new target. r - Retreat! s - Stop attacking. g - Guard the area. f - Follow me.
Anything else - Cancel.
You shout for attention!
There is an open door here.
There is a staircase leading out of the dungeon here.
You can't go down here!
Are you sure you want to leave the Dungeon?
This will make you lose the game!
Uppercase [Y]es or [N]o only, please.
Are you sure you want to leave the Dungeon?
This will make you lose the game!
You have escaped!

.#...##.#...............#.#
##.#.##.#.#############.#.#
#.#.##.#.#..........)#.#.#
#.#.##...#.####.####.#.#.#
#...##.#.#.#.......#.#...#####
#####..#.#.#.#####.#.#.#.....###
#..#.#.#.#...#.#.#.#........
######..#.#.#.#...#.#.#.#.....##.
....##..#.'.#.#.@...#.'.#.######.
....##..#.#.#.#...#.#.#.#.# #.
....##..#.#.#.#...#.#.#.#.# #.
....##..#.#.#.#####.#.#.#.# #.
..........#.#.......#.#.#.# #.
....##..#.#.####.####.#...# #.
....##..#.#...........#.#.#### #.
.....#..#.#############.#....###.
####)#..#...............#.##...^.


There were no monsters in sight!

Vanquished Creatures
  An ooze (D:1)
  3 dart slugs (D:1)
  2 giant cockroaches (D:1)
  3 goblins (D:1)
  2 hobgoblins (D:1)
  2 ball pythons (D:1)
  3 bats (D:1)
  3 kobolds (D:1)
  2 rats (D:1)
21 creatures vanquished.

Notes
Turn   | Place    | Note
-------+----------+-------------------------------------------
     0 | D:1      | TheOvate the Gargoyle Earth Elementalist began the quest for the Orb.
     0 | D:1      | Reached XP level 1. HP: 10/10 MP: 3/3
    99 | D:1      | Reached skill level 4 in Earth Magic
   145 | D:1      | Reached XP level 2. HP: 15/15 MP: 3/5
   404 | D:1      | Reached XP level 3. HP: 19/19 MP: 4/6
   444 | D:1      | Learned a level 3 spell: Stone Arrow
   908 | D:$      | Got out of the dungeon alive.

Skill      XL: |  1 |
---------------+----+-----
Earth Magic    | 4 |  4.8
Axes           | |  0.4
Dodging        | |  1.6
Stealth        | |  2.2
Unarmed Combat | |  0.1
Spellcasting   | |  2.1
Transmutations | |  0.7

Action                   || total
-------------------------++-------
Melee: Unarmed           ||    19
       Hand axe          ||     1
 Cast: Sandblast         ||    24
       Stone Arrow       ||     2
  Use: Potion            ||     1
Armor: Robe              ||     3
       Leather armour    ||     5
Dodge: Dodged            ||    13
